 Dungeon Crawl Stone Soup version 0.31-a0-743-g45f7035092 (webtiles) character file.

Game seed: 3315534420103530911

2640 cforsyth the Fighter (level 9, -1/65 HPs)
             Began as a Djinni Chaos Knight on Sept 12, 2023.
             Was a Believer of Hepliaklqana.
             Slain by an orc
             ... wielding a +1 hand axe of freezing
              (2 damage)
             ... on level 6 of the Dungeon.
             The game lasted 00:09:59 (7752 turns).

cforsyth the Fighter (Djinni Chaos Knight)          Turns: 7752, Time: 00:10:00

Health: -1/65      AC:  6    Str: 11    XL:     9   Next: 92%
Gold:   315        EV: 11    Int: 18    God:    Hepliaklqana [**....] SH:  4 Dex: 13

rFire   + + .        r - +1 short sword (drain)
rCold   x . .        (no shield)
rNeg    . . .        b - +2 leather armour
rPois   ∞            (helmet restricted)
rElec   .            v - +0 cloak
rCorr   .            (no gloves)
SInv    .            (boots unavailable)
Will    +....        (no amulet)
Stlth   +            (no ring)
HPRegen 0.00/turn    (no ring)
MPRegen 0.00/turn

%: infuse magic (-2 HP)
@: enlightened, flying, inhibited regen
A: reduced essence, sickness immunity, fire resistance 2, cold vulnerability 1,
float, innate caster, HP casting, extra vitality 1, antennae 1, iridescent
scales 1, large bone plates 1, deformed body, sense surroundings 1, inhibited
regeneration, inability to drink after injury 1, noise suppression
a: Renounce Religion, Recall Ancestor, Ancestor Identity


You were on level 6 of the Dungeon.
You worshipped Hepliaklqana.
Hepliaklqana was pleased with you.
You visited 2 branches of the dungeon, and saw 7 of its levels.

You collected 315 gold pieces.

Inventory:

Hand Weapons
 a - a +0 falchion of chaos
 r - a +1 short sword of draining (weapon)
Missiles
 w - a throwing net
Armour
 b - a +2 leather armour (worn)
 v - a +0 cloak (worn)
Jewellery
 p - a +4 ring of protection
Wands
 j - a wand of acid (12)
 o - a wand of paralysis (10)
 s - a wand of flame (13)
Scrolls
 h - 4 scrolls of identify {unknown}
 l - 4 scrolls of enchant weapon {unknown}
 m - a scroll of revelation {unknown}
 n - a scroll of blinking {unknown}
 q - a scroll of enchant armour {unknown}
Potions
 d - a potion of cancellation {unknown}
 e - 2 potions of enlightenment
 f - a potion of resistance {unknown}
 g - a potion of invisibility {unknown}
 i - 3 potions of heal wounds {unknown}
 k - 2 potions of ambrosia {unknown}
 t - a potion of haste {unknown}
 u - a potion of attraction {unknown}


   Skills:
 + Level 9.6 Fighting
 - Level 2.6 Long Blades
 - Level 1.0 Armour
 - Level 2.1 Dodging
 + Level 6.6 Spellcasting
 + Level 6.6 Conjurations
 + Level 6.6 Hexes
   Level 0.0 Charms
 + Level 6.6 Summonings
 + Level 6.6 Necromancy
 + Level 6.6 Translocations
 + Level 6.6 Transmutations
 + Level 6.6 Fire Magic
 + Level 6.6 Ice Magic
 + Level 6.6 Air Magic
 + Level 6.6 Earth Magic
 + Level 6.6 Poison Magic


You knew the following spells:

 Your Spells              Type           Power      Damage    Failure   Level
a - Foxfire               Conj/Fire      100%       2x1d9     1%          1
b - Searing Ray           Conj           58%        2d6       1%          2
c - Wereblood             Tmut           29%        N/A       1%          2
d - Volatile Blastmotes   Fire/Tloc      58%        2d14      3%          3
Your spell library was empty.

Dungeon Overview and Level Annotations

Branches:
Dungeon (6/15)             Temple (1/1) D:4

Altars:
Ashenzari
Cheibriados
Elyvilon
Fedhas
Gozag
Hepliaklqana
Makhleb
Nemelex Xobeh
Okawaru
Qazlal
Ru
Trog
Wu Jian
Xom
Yredelemnul
The Shining One

Shops:
D:2 [


Innate Abilities, Weirdness & Mutations

Your life essence is reduced to manifest your ancestor. (-10% HP)
You are immune to sickness and miasma.
You are immune to poison.
Your flesh is very heat resistant. (rF++)
You are vulnerable to cold. (rC-)
You float through the air rather than walking.
You learn spells naturally, not from books.
Your magical power is your life essence.
You have superior vitality. (+4 MHP)
You have a pair of small antennae on your head.
You are partially covered in iridescent scales. (AC +2)
You are partially covered in large bone plates. (SH +4)
Armour fits poorly on your strangely shaped body.
You passively map a small area around you.
You do not regenerate when monsters are visible.
You occasionally lose the ability to drink potions when taking damage.
You passively dampen the noise of your surroundings.


Message History

The gnoll sergeant is almost dead.
Qitarah hits the gnoll sergeant with a +0 flail.
The gnoll sergeant dies!
The ogre closely misses you.
You hit the ogre.
The ogre is lightly wounded.
Qitarah hits the ogre with a +0 flail.
The ogre barely misses Qitarah.
Qitarah hits the ogre with a +0 flail!
Qitarah blocks the ogre's attack.
Qitarah hits the ogre with a +0 flail.
There is a huge open gate here.
Qitarah blocks the ogre's attack.
Qitarah hits the ogre with a +0 flail!
The ogre dies!
Something barely misses Qitarah.
Qitarah hits something with a +0 flail!
Qitarah blocks something's attack.
Qitarah blocks something's attack.
The orc priest shouts!
The orc priest calls down the wrath of Beogh upon you.
You resist with significant effort.
The orc priest mumbles some strange prayers to Beogh against you.
Beogh smites you!
There is an open door here.
There is an open door here.
An orc comes into view.
It is wielding a +1 hand axe of freezing.
The orc shouts!
The orc priest invokes the aid of Beogh against you.
Beogh smites you!
* * * LOW HITPOINT WARNING * * *
The orc hits you but does no damage.
The orc hits you with a +1 hand axe of freezing.
* * * LOW HITPOINT WARNING * * *
The orc freezes you.
* * * LOW HITPOINT WARNING * * *
The orc attacks as it pursues you! The orc hits you but does no damage.
It was a potion of enlightenment.
You feel more buoyant.
The orc hits you with a +1 hand axe of freezing.
You die...
Xom snickers!

#..............##.......
#.#.....####..#÷.#......
##########.#..#.#######....#.....
.............#####|.........#.#..
############..#.################.
#...............####.........#..
##.########.............[........
##.######<#.##.############.###.#
..........)....o@..........>###..
.#.####...#[##O###.########......
...# #.#.#.##.# #.# #.##### ...#
#.###.##.# #.# #.# ...#
#......#.# #.# #.# ...#
########'###.# #.# ...####
#........#.# ##.# ......#
#.....o..#.# ##..#
##.##.###........#.######..##


You could see a two-headed ogre and an orc.

Vanquished Creatures
  A warg (D:6)
  A black bear (D:6)
  An orc warrior (D:6)
  4 ogres
  2 kobold brigands (D:6)
  Blork the orc (D:4)
  A gnoll sergeant (D:6)
  A scorpion (D:3)
  4 howler monkeys (D:6)
  2 orc priests
  A gnoll bouda (D:6)
  9 hounds
  A jelly (D:3)
  A sleepcap (D:6)
  Jessica (D:3)
  4 iguanas
  2 orc wizards
  14 adders
  9 gnolls
  A white imp (D:5)
  An ufetubus (D:5)
  2 worms
  5 dart slugs
  17 orcs
  12 ball pythons
  5 endoplasms
  7 giant cockroaches
  5 goblins
  2 hobgoblins
  16 jackals
  7 kobolds
  5 quokkas
  10 bats
  2 frilled lizards
  5 rats
162 creatures vanquished.

Vanquished Creatures (collateral kills)
  An ogre (D:6)
  A gnoll sergeant (D:6)
  A scorpion (D:6)
  5 howler monkeys (D:6)
  An orc priest (D:6)
  2 iguanas
  An orc wizard (D:6)
  3 gnolls
  An adder (D:6)
  A dart slug (D:5)
  2 orcs (D:6)
  A giant cockroach (D:4)
  3 kobolds
23 creatures vanquished.

Vanquished Creatures (others)
  2 ancestors (D:6)
  A bat zombie (D:2)
  A giant cockroach (D:2)
  140 foxfires
144 creatures vanquished.

Grand Total: 329 creatures vanquished

Notes
Turn   | Place    | Note
-------+----------+-------------------------------------------
     0 | D:1      | cforsyth the Djinni Chaos Knight began the quest for the
                  | Orb.
     0 | D:1      | Reached XP level 1. HP: 20/20 MP: 0/0
   137 | D:1      | Reached XP level 2. HP: 25/25 MP: 0/0
   192 | D:1      | XOM: give mutations
   192 | D:1      | Gained mutation: You passively map a small area around you.
                  | [Xom's grace]
   192 | D:1      | Gained mutation: You have hidden genetic potential. [Xom's
                  | grace]
   192 | D:1      | Gained mutation: Your flesh is almost immune to the effects
                  | of heat. (rF+++) [Xom's grace]
   205 | D:1      | Reached skill level 1 in Spellcasting
   205 | D:1      | Reached skill level 1 in Conjurations
   205 | D:1      | Reached skill level 1 in Hexes
   205 | D:1      | Reached skill level 1 in Summonings
   205 | D:1      | Reached skill level 1 in Necromancy
   205 | D:1      | Reached skill level 1 in Translocations
   205 | D:1      | Reached skill level 1 in Transmutations
   205 | D:1      | Reached skill level 1 in Fire Magic
   205 | D:1      | Reached skill level 1 in Ice Magic
   205 | D:1      | Reached skill level 1 in Air Magic
   205 | D:1      | Reached skill level 1 in Earth Magic
   205 | D:1      | Reached skill level 1 in Poison Magic
   327 | D:1      | Reached XP level 3. HP: 30/30 MP: 0/0
   327 | D:1      | Learned a level 1 spell: Foxfire
   351 | D:1      | Gained mutation: You are partially covered in iridescent
                  | scales. (AC +2) [hidden potential]
   528 | D:2      | XOM: smoke on damage
   561 | D:2      | XOM: enchant monster (bad)
   588 | D:2      | Reached XP level 4. HP: 36/37 MP: 0/0
   654 | D:2      | Found Xatoukyl's Armour Boutique.
   722 | D:2      | Gained mutation: Your spells are a little harder to cast,
                  | but a little more powerful. [hidden potential]
   722 | D:2      | Lost mutation: You have hidden genetic potential. [hidden
                  | potential expressed]
   833 | D:2      | Reached skill level 4 in Fighting
   887 | D:2      | XOM: stat loss: -1 Int (14/15)
  1020 | D:2      | Identified the +0 pair of gloves of Precision Catastrophes
                  | {Harm rF- Int+3 Stlth+}
  1278 | D:3      | XOM: give mutations
  1278 | D:3      | Gained mutation: Your mind is acute. (Int +4, Str/Dex -1)
                  | [Xom's mischief]
  1278 | D:3      | Lost mutation: Your flesh is almost immune to the effects
                  | of heat. (rF+++) [Xom's mischief]
  1288 | D:3      | XOM: stat loss: -1 Dex (11/12)
  1500 | D:3      | Reached XP level 5. HP: 39/41 MP: 0/0
  1500 | D:3      | Learned a level 2 spell: Searing Ray
  1523 | D:3      | Noticed Jessica
  1529 | D:3      | XOM: noise
  1533 | D:3      | Killed Jessica
  1707 | D:3      | XOM: scenery: create altars
  1891 | D:3      | XOM: cast spell 'Call Canine Familiar'
  1892 | D:3      | Reached XP level 6. HP: 39/49 MP: 0/0
  1898 | D:3      | Reached skill level 5 in Fighting
  1986 | D:4      | Found a white marble altar of Elyvilon.
  1986 | D:4      | Found a staircase to the Ecumenical Temple.
  1986 | D:4      | XOM: 9-stop teleportation journey
  1989 | Temple   | Entered the Ecumenical Temple
  1996 | Temple   | Fell from the grace of Xom
  1996 | Temple   | Became a worshipper of Hepliaklqana the Forgotten
  2306 | D:4      | XOM: 3-stop teleportation journey
  2357 | D:4      | Noticed Blork the orc
  2367 | D:4      | Killed Blork the orc
  2368 | D:4      | Reached XP level 7. HP: 14/55 MP: 0/0
  2368 | D:4      | Learned a level 2 spell: Wereblood
  2757 | D:4      | Reached * piety under Hepliaklqana
  2932 | D:4      | Found a broken altar of Ashenzari.
  3062 | D:4      | XOM: give mutations
  3062 | D:4      | Lost mutation: Your mind is acute. (Int +4, Str/Dex -1)
                  | [Xom's mischief]
  3062 | D:4      | Gained mutation: You have supernaturally acute eyesight.
                  | (SInv) [Xom's mischief]
  3062 | D:4      | Gained mutation: You do not regenerate when monsters are
                  | visible. [Xom's mischief]
  3062 | D:4      | Gained mutation: Armour fits poorly on your strangely
                  | shaped body. [Xom's mischief]
  3459 | D:4      | XOM: divination: detect items
  3800 | D:4      | XOM: give mutations
  3800 | D:4      | Lost mutation: Armour fits poorly on your strangely shaped
                  | body. [Xom's mischief]
  3800 | D:4      | Gained mutation: You passively dampen the noise of your
                  | surroundings. [Xom's mischief]
  3882 | D:5      | Entered Level 5 of the Dungeon
  3985 | D:5      | Reached skill level 6 in Fighting
  4486 | D:5      | XOM: give mutation
  4486 | D:5      | Lost mutation: Your spells are a little harder to cast, but
                  | a little more powerful. [Xom's mischief]
  4771 | D:5      | XOM: divination: magic mapping
  4875 | D:5      | Reached XP level 8. HP: 53/55 MP: 0/0
  5206 | D:6      | Reached skill level 7 in Fighting
  5360 | D:6      | XOM: summons 6 hostile demons
  5701 | D:6      | Found a sparkling altar of Nemelex Xobeh.
  6013 | D:6      | Reached skill level 5 in Spellcasting
  6013 | D:6      | Reached skill level 5 in Conjurations
  6013 | D:6      | Reached skill level 5 in Hexes
  6013 | D:6      | Reached skill level 5 in Summonings
  6013 | D:6      | Reached skill level 5 in Necromancy
  6013 | D:6      | Reached skill level 5 in Translocations
  6013 | D:6      | Reached skill level 5 in Transmutations
  6013 | D:6      | Reached skill level 5 in Fire Magic
  6013 | D:6      | Reached skill level 5 in Ice Magic
  6013 | D:6      | Reached skill level 5 in Air Magic
  6013 | D:6      | Reached skill level 5 in Earth Magic
  6013 | D:6      | Reached skill level 5 in Poison Magic
  6425 | D:6      | XOM: give mutations
  6425 | D:6      | Lost mutation: You have supernaturally acute eyesight.
                  | (SInv) [Xom's mischief]
  6425 | D:6      | Gained mutation: You have a pair of small antennae on your
                  | head. [Xom's mischief]
  6516 | D:6      | XOM: noise
  6553 | D:6      | Reached ** piety under Hepliaklqana
  6554 | D:6      | Remembered your ancestor Qitarah as a knight
  6580 | D:6      | Reached skill level 8 in Fighting
  6580 | D:6      | Reached XP level 9. HP: 57/63 MP: 0/0
  6580 | D:6      | Learned a level 3 spell: Volatile Blastmotes
  6806 | D:6      | XOM: give mutations
  6806 | D:6      | Gained mutation: You occasionally lose the ability to drink
                  | potions when taking damage. [Xom's mischief]
  6806 | D:6      | Gained mutation: You are partially covered in large bone
                  | plates. (SH +4) [Xom's mischief]
  6806 | D:6      | Gained mutation: Armour fits poorly on your strangely
                  | shaped body. [Xom's mischief]
  7067 | D:6      | Reached skill level 9 in Fighting
  7438 | D:6      | XOM: torment (9/65 hp)
  7714 | D:6      | Noticed a two-headed ogre
  7750 | D:6      | HP: 1/65 [orc/+1 hand axe of freezing (3)]
  7752 | D:6      | Slain by an orc

Illustrated notes

Levels and vault maps discovered:
D:1:      lemuel_arrival_behind_the_door_small, layout_rooms
D:2:      layout_loops_ring, serial_shops, nicolae_shop_statue_plus,
          minmay_ruptured
D:3:      layout_loops_ring, uniq_jessica
D:4:      layout_layer_cave, minmay_overflow_temple_star_quad,
          minmay_temple_entry_wispy, minmay_pentomino_pile, uniq_blork_the_orc
D:5:      layout_basic, serial_co_window_serial, co_window_of_opportunity_a,
          co_window_paths_a, co_window_corner_a, co_window_paths_a,
          co_window_paths_b, co_window_paths_a, co_window_of_opportunity_a,
          co_window_corner_a, co_window_of_opportunity_a, co_window_broadway_a,
          co_window_broadway_b, co_window_broadway_c, co_window_corner_b,
          co_window_corner_cb, co_window_corner_ca, glass_columns_a,
          glass_columns_a, glass_columns_a, glass_columns_b, glass_columns_a,
          item_on_display_a
D:6:      lemuel_castle_with_subvaults [lemuel_castle_interior_carwin_3],
          layout_basic, amcnicky_altar_gilded, chequers_serial_rivers_small_a,
          nicolae_half_adder
Temple:   nicolae_temple_no_exploring_needed

Skill      XL: |  1  2  3  4  5  6  7  8  9 |
---------------+----------------------------+-----
Spellcasting   | 1 2 3 4 5 6 |  6.6
Conjurations   | 1 2 3 4 5 6 |  6.6
Hexes          | 1 2 3 4 5 6 |  6.6
Summonings     | 1 2 3 4 5 6 |  6.6
Necromancy     | 1 2 3 4 5 6 |  6.6
Translocations | 1 2 3 4 5 6 |  6.6
Transmutations | 1 2 3 4 5 6 |  6.6
Fire Magic     | 1 2 3 4 5 6 |  6.6
Ice Magic      | 1 2 3 4 5 6 |  6.6
Air Magic      | 1 2 3 4 5 6 |  6.6
Earth Magic    | 1 2 3 4 5 6 |  6.6
Poison Magic   | 1 2 3 4 5 6 |  6.6
Fighting       | 4 5 6 8 9 |  9.6
Long Blades    | |  2.6
Armour         | |  1.0
Dodging        | |  2.1

Action                     |  1- 3 |  4- 6 |  7- 9 || total
---------------------------+-------+-------+-------++-------
  Melee: Falchion          |    96 |   183 |    61 ||   340
         Punch             |     2 |       |     2 ||     4
         Short sword       |       |       |   302 ||   302
   Cast: Foxfire           |       |    12 |    76 ||    88
         Searing Ray       |       |     1 |       ||     1
 Invoke: Ancestor Life: Kn |       |       |     1 ||     1
  Evoke: Wand              |       |     1 |     3 ||     4
    Use: Scroll            |       |       |     1 ||     1
         Potion            |       |       |     1 ||     1
   Stab: Sleeping          |       |     2 |     1 ||     3
         Paralysed         |       |     2 |       ||     2
         Distracted        |       |       |     1 ||     1
 Armour: Leather armour    |    66 |   143 |   251 ||   460
  Dodge: Dodged            |    91 |   124 |   235 ||   450
  Block: Other             |       |       |     7 ||     7

Table legend: (Time is in decaauts)
 A = Elapsed time spent in this place.
 B = Non-inter-level travel time spent in this place.
 C = Inter-level travel time spent in this place.
 D = Time resting spent in this place.
 E = Time spent auto-exploring this place.
 F = Levels seen in this place.
 G = Mean time per level.
                   A        B        C        D        E       F      G
               +--------+--------+--------+--------+--------+-----+--------+
         Total |   7793 |   7692 |    101 |    719 |   5389 |   7 | 1113.3 |
       Dungeon |   7576 |   7475 |    101 |    544 |   5389 |   6 | 1262.7 |
        Temple |    216 |    216 |      0 |    175 |      0 |   1 |  216.0 |
               +--------+--------+--------+--------+--------+-----+--------+

Top non-repeatable levels by time:
     D:6: 2317 daAuts
     D:4: 1742 daAuts
     D:5: 1537 daAuts
     D:3: 749 daAuts
     D:2: 705 daAuts
     D:1: 524 daAuts
  Temple: 216 daAuts
